 Dungeon Crawl Stone Soup version 0.26.1-2-gb8aa6d0cf2 (webtiles) character file.

Game seed: 17062168993891319793

929 axecop the Agent of Entropy (level 7, -4/84 HPs)
             Began as a Demonspawn Abyssal Knight on Mar 12, 2021.
             Was a Priest of Lugonu.
             Slain by a killer bee (7 damage)
             ... on level 6 of the Dungeon.
             The game lasted 00:07:20 (6367 turns).

axecop the Agent of Entropy (DsAK)                  Turns: 6367, Time: 00:07:21

Health: -4/84      AC:  9    Str: 14      XL:     7   Next: 85%
Magic:  2/11       EV: 10    Int: 14      God:    Lugonu [***...]
Gold:   317        SH:  5    Dex: 16 (17) Spells: 6/6 levels left

rFire    . . .     SeeInvis .   a - +2 mace
rCold    . . .     Faith    .   (no shield)
rNeg     . . .     Spirit   .   d - +2 scale mail of the Wheelwright {rPois Dex+5}
rPois    +         Reflect  +   (helmet restricted)
rElec    .         Harm     .   (no cloak)
rCorr    .         Rampage  .   (no gloves)
Will     .....                  (no boots)
Stlth    ..........             B - amulet of reflection
HPRegen  0.24/turn              (no ring)
MPRegen  0.12/turn              (no ring)

@: brilliant, berserking, hasted, very quick
A: antennae 1, demonic guardian 1, powered by pain 1, sturdy frame 1
a: Renounce Religion, Depart the Abyss, Bend Space, Banish


You were on level 6 of the Dungeon.
You worshipped Lugonu.
Lugonu was most pleased with you.
You visited 1 branch of the dungeon, and saw 6 of its levels.
You visited the Abyss 1 time.

You collected 317 gold pieces.

Inventory:

Hand Weapons
 a - a +2 mace (weapon)
 b - the +3 longbow "Weuquk" {speed, rN+++ Str+6 Dex-2}
   (You found it on level 2 of the Abyss)

   Attacks with this weapon are significantly faster.
   It affects your strength (+6).
   It affects your dexterity (-2).
   It renders you almost immune to negative energy.
 q - a +2 short sword of draining
Missiles
 l - 2 javelins (quivered)
 o - 26 poisoned darts
 x - a throwing net
 D - 24 arrows
Armour
 c - a +1 leather armour
 d - the +2 scale mail of the Wheelwright (worn) {rPois Dex+5}
   (You found it on level 2 of the Abyss)

   It affects your dexterity (+5).
   It protects you from poison.
 E - a +1 helmet
Jewellery
 t - an uncursed ring of positive energy
 B - an amulet of reflection (around neck)
Wands
 s - a wand of digging (5)
 w - a wand of polymorph (13)
Scrolls
 e - a scroll of enchant armour
 g - 3 scrolls of enchant weapon
 i - 2 scrolls of remove curse
 p - 2 scrolls of fog
 y - a scroll of summoning
 C - a scroll of blinking {unknown}
Potions
 f - a potion of haste
 h - a potion of mutation {unknown}
 j - a potion of invisibility {unknown}
 k - 2 potions of flight
 m - 2 potions of berserk rage
 n - a potion of resistance {unknown}
 r - 2 potions of heal wounds {unknown}
 v - a potion of brilliance
 z - a potion of degeneration {unknown}


   Skills:
 + Level 5.3 Fighting
 - Level 1.7 Maces & Flails
 + Level 3.9 Bows
 + Level 4.3 Armour
 - Level 0.8 Dodging
 + Level 6.3 Invocations


You had 6 spell levels left.
You didn't know any spells.
Your spell library contained the following spells:

 Spells                   Type           Power        Failure   Level
 Magic Dart               Conj           0%           56%         1
 Blink                    Tloc           N/A          71%         2
 Call Imp                 Summ           0%           71%         2
 Slow                     Hex            0%           71%         2
 Confusing Touch          Hex            0%           90%         3
 Conjure Flame            Conj/Fire      0%           90%         3
 Gell's Gravitas          Tloc           0%           90%         3
 Mephitic Cloud           Conj/Pois/Air  0%           90%         3
 Petrify                  Tmut/Erth      0%           100%        4
 Metabolic Englaciation   Hex/Ice        0%           100%        5
 Yara's Violent Unravell  Hex/Tmut       0%           100%        5


Dungeon Overview and Level Annotations

Branches:
Dungeon (6/15)
 Temple: D:4-7

Altars:
Ashenzari
Cheibriados
Nemelex Xobeh
Sif Muna
Zin


Innate Abilities, Weirdness & Mutations

You have a pair of small antennae on your head.
A weak demonic guardian rushes to your aid.
You sometimes gain a little power by taking damage.
Your movements are slightly less encumbered by armour. (ER -2)


Message History

* * * LOW HITPOINT WARNING * * *
The white imp freezes you.
* * * LOW HITPOINT WARNING * * *
The killer bee stings you but does no damage.
Your ufetubus barely misses the killer bee.
Your ufetubus misses the killer bee.
You feel your dexterity returning.
You thump the white imp!
You kill the white imp!
Lugonu accepts your kill. The killer bee stings you.
* * * LOW HITPOINT WARNING * * *
Your shadow imp barely misses the killer bee.
Your ufetubus misses the killer bee.
Your ufetubus barely misses the killer bee.
Unknown command.
You barely miss the killer bee.
The killer bee is moderately wounded.
The killer bee stings you!
You die...

....y# #.5..#
#..### ......
#....# ##...#
###...
#.########'''####
#.yy
#.########.^.####
##.####○###...#..§
#..###○§○##.⌠.#..☼
#..##○○§..#...#☼○§
#..###§○§##...#§§.
#@.####§###...#..○
#y†########...####
#55#⌠......._.....
#..########...####
#..##○°§§§#...##§§
#####☼○§§○#...#.§○
○§○§.#...#..☼
§.§§☼#.⌠.#§§○
§.○.§#...##§§


You could see a killer bee, a friendly shadow imp (summoned) and a friendly
ufetubus (summoned).

Vanquished Creatures
  A killer bee (D:6)
  A quasit (D:4)
  3 hounds
  2 jellies (D:5)
  Jessica (D:3)
  Ijyb (D:3)
  An iguana (D:3)
  2 worker ants
  3 hound skeletons
  A hound zombie (D:5)
  8 adders
  A shadow imp (D:4)
  2 white imps (D:6)
  2 ufetubi
  An ooze (D:2)
  4 worms
  3 leopard geckos
  13 orcs
  7 bats
  6 giant cockroaches
  7 hobgoblins
  4 jackals (D:5)
  5 ball pythons
  4 frilled lizards
  A giant cockroach zombie (D:6)
  6 goblins
  6 kobolds
  A quokka skeleton (D:6)
  9 rats
106 creatures vanquished.

Vanquished Creatures (collateral kills)
  2 ogres
  A leopard gecko (D:4)
  An orc (D:6)
  A quokka (D:4)
  A bat (D:6)
6 creatures vanquished.

Grand Total: 112 creatures vanquished

Notes
Turn   | Place    | Note
-------+----------+-------------------------------------------
     0 | Abyss:1  | axecop the Demonspawn Abyssal Knight began the quest for
                  | the Orb.
     0 | Abyss:1  | Reached XP level 1. HP: 18/18 MP: 2/2
    60 | Abyss:2  | Got a slimy longbow
    61 | Abyss:2  | Identified the +3 longbow "Weuquk" {speed, rN+++ Str+6
                  | Dex-2} (You found it on level 2 of the Abyss)
    62 | Abyss:2  | WHOA
    81 | Abyss:2  | Got a faintly humming scale mail
    86 | Abyss:2  | Noticed a tentacled starspawn
    87 | D:1      | Escaped the Abyss
    98 | D:1      | Identified the +2 scale mail of the Wheelwright {rPois
                  | Dex+5} (You found it on level 2 of the Abyss)
   460 | D:1      | Reached * piety under Lugonu
   597 | D:1      | Gained mutation: Your movements are slightly less
                  | encumbered by armour. (ER -2) [demonic ancestry]
   597 | D:1      | Reached XP level 2. HP: 24/24 MP: 4/4
   933 | D:2      | Reached skill level 1 in Bows
   933 | D:2      | Reached skill level 3 in Invocations
  1039 | D:2      | Reached XP level 3. HP: 29/29 MP: 5/5
  1100 | D:2      | Found a broken altar of Ashenzari.
  1100 | D:2      | Found a glowing silver altar of Zin.
  1427 | D:2      | Reached ** piety under Lugonu
  1727 | D:2      | Found a snail-covered altar of Cheibriados.
  1956 | D:3      | Gained mutation: You have a pair of small antennae on your
                  | head. [demonic ancestry]
  1956 | D:3      | Reached XP level 4. HP: 25/34 MP: 4/6
  2087 | D:3      | Noticed Ijyb
  2098 | D:3      | Killed Ijyb
  2174 | D:3      | Noticed Jessica
  2187 | D:3      | Killed Jessica
  2188 | D:3      | Reached skill level 4 in Invocations
  2253 | D:3      | Gained mutation: A weak demonic guardian rushes to your
                  | aid. [demonic ancestry]
  2253 | D:3      | Reached XP level 5. HP: 42/42 MP: 8/8
  3038 | D:4      | Noticed an ogre
  3051 | D:4      | HP: 2/42 [ogre/+0 giant spiked club (26)]
  3073 | D:4      | Killed an ogre
  3365 | D:4      | Gained mutation: You sometimes gain a little power by
                  | taking damage. [demonic ancestry]
  3365 | D:4      | Reached XP level 6. HP: 48/48 MP: 9/9
  4179 | D:4      | Reached skill level 5 in Invocations
  4386 | D:5      | Entered Level 5 of the Dungeon
  4779 | D:5      | Reached *** piety under Lugonu
  5051 | D:5      | Reached XP level 7. HP: 39/55 MP: 8/11
  5163 | D:5      | Found a shimmering blue altar of Sif Muna.
  5868 | D:6      | Reached skill level 5 in Fighting
  6147 | D:6      | Found a sparkling altar of Nemelex Xobeh.
  6348 | D:6      | Noticed a fire bat
  6348 | D:6      | a killer bee changed into a fire bat
  6349 | D:6      | Banished a fire bat
  6350 | D:6      | Reached skill level 6 in Invocations
  6366 | D:6      | HP: 3/84 [killer bee (5)]
  6367 | D:6      | Slain by a killer bee

Illustrated notes

.. ... . # #. ..#
#.. . #. #.#
#...#... #..
......#. #.# [ ..
...##..# #
...#.##.#.# ...
#......#.#.......
#.@....##...
#.......#...#
#....#.......#
#... ..#.#.....
##. ..# ........
#. #.. ........ #
..# ........ ...
#..#


Turn 62 on Abyss:2: WHOA

Levels and vault maps discovered:
D:1:      dpeg_arrival_line_fractal, layout_basic, corner_web_ring,
          corexii_item_surrounded_by_moat
D:2:      layout_rooms, general_overflow_altar,
          gammafunk_temple_overflow_statue, serial_bayou_pond_a
D:3:      layout_basic, kennysheep_generic_room_10, uniq_ijyb, uniq_jessica
D:4:      layout_loops_ring
D:5:      layout_basic, overflow_temple_1_default
D:6:      layout_basic, pdpol_wu_jian_five_deadly_venoms, nemelex_altar_shiori,
          temple_statues

Skill      XL: |  1  2  3  4  5  6  7 |
---------------+----------------------+-----
Bows           | 1 2 3 |  3.9
Invocations    | 3 4 5 6 |  6.3
Armour         | 2 3 4 |  4.3
Fighting       | 4 5 |  5.3
Maces & Flails | |  1.7
Dodging        | |  0.8

Action                   |  1- 3 |  4- 6 |  7- 9 || total
-------------------------+-------+-------+-------++-------
Melee: Mace              |    88 |   164 |   131 ||   383
       Short sword       |       |    16 |       ||    16
Throw: Javelin           |    23 |    29 |     2 ||    54
       Dart              |       |    17 |       ||    17
Invok: Depart the Abyss  |     1 |       |       ||     1
       Bend Space        |     1 |    10 |     4 ||    15
       Banish            |       |       |     2 ||     2
Evoke: Wand              |       |       |     5 ||     5
  Use: Scroll            |     8 |     2 |     6 ||    16
       Potion            |       |       |     6 ||     6
 Stab: Distracted        |       |       |     1 ||     1
Armor: Scale mail        |    52 |   133 |    92 ||   277
Dodge: Dodged            |    51 |   154 |    97 ||   302
Block: Other             |       |       |    20 ||    20
